Map: Cerulean Fall LE

Players

KaelzY - Winner!

  • Race: Terran Terran
  • League: Master
  • Spawn Location: 7:00

Krr

  • Race: Protoss Protoss
  • League: Master
  • Spawn Location: 1:00

VOD

Have the link to the VOD?

Description

Time

  • Played on: Aug. 15, 2018, 1:26 p.m.
  • Length: 7:08
Show
View Real Time Build Order
Export as new Build Order

KaelzY Terran - Winner!

Build Orders: MMM Bio 

Get SALT Encoding   

  12  0:00  SCV  
  13  0:12  SCV  
  14  0:17  Supply Depot  
  14  0:24  SCV  
  15  0:39  SCV  
  15  0:40  Barracks  
  16  0:51  SCV  
  17  1:03  SCV  
  18  1:04  Refinery  
  18  1:15  SCV  
  19  1:28  Orbital Command, Marine  
  20  1:41  Command Center  
  20  1:46  Supply Depot  
  20  1:50  Barracks Tech Lab  
  20  1:54  SCV  
  21  2:06  SCV  
  22  2:09  Concussive Shells, Marauder  
  24  2:16  Barracks  
  24  2:19  SCV  
  25  2:31  SCV, Marauder  
  28  2:42  Barracks  
  28  2:43  SCV  
  29  2:48  Refinery  
  29  2:51  Marine  
  29  2:54  Orbital Command  
  30  2:59  SCV  
  30  3:01  Stimpack  
  31  3:09  Barracks Reactor  
  31  3:11  SCV  
  32  3:15  Engineering Bay  
  32  3:19  Marine  
  32  3:20  SCV  
  32  3:23  SCV  
  35  3:33  SCV  
  35  3:35  SCV  
  35  3:36  Marine  
  35  3:37  Marine  
  38  3:43  Terran Infantry Weapons Level 1  
  38  3:44  Supply Depot  
  38  3:45  SCV  
  38  3:47  SCV, Marine x2  
  42  3:56  Factory  
  42  3:57  SCV  
  42  3:59  SCV  
  44  4:07  Missile Turret  
  44  4:09  Marine x3, SCV  
  46  4:11  SCV  
  46  4:12  Marauder  
  51  4:19  Supply Depot  
  51  4:21  SCV  
  51  4:23  SCV  
  53  4:25  Supply Depot  
  53  4:27  Refinery  
  53  4:30  Marine  
  54  4:40  SCV x2, Marine x2  
  54  4:41  Factory Reactor  
  54  4:42  Starport  
  54  4:43  Supply Depot  
  58  4:47  Marauder  
  58  4:48  Supply Depot  
  60  4:53  SCV x2  
  60  4:58  Missile Turret  
  62  5:01  Marine x3  
  62  5:05  SCV x2  
  67  5:09  Combat Shields  
  67  5:11  Marauder  
  67  5:12  Supply Depot  
  69  5:17  SCV x2  
  71  5:21  Marine  
  71  5:22  Marine x2  
  71  5:24  Medivac, Factory Reactor  
  71  5:25  Medivac  
  78  5:29  Supply Depot  
  78  5:33  SCV x2  
  78  5:35  Refinery  
  80  5:36  Supply Depot  
  80  5:46  Marine x2  
  80  5:47  Barracks Tech Lab, Marauder  
  80  5:48  SCV x2  
  86  5:54  Medivac  
  88  6:02  Medivac  
  90  6:06  Marine, Marauder  
  90  6:09  Barracks  
  90  6:10  Marauder  
  95  6:11  Barracks  
  95  6:13  Widow Mine  
  95  6:14  Widow Mine  
  99  6:20  Marine  
  100  6:26  Supply Depot  
  100  6:27  Supply Depot  
  89  6:39  Marine x2, Marauder x2  
  92  6:41  Widow Mine x2  
Show
View Real Time Build Order
Export as new Build Order

Krr Protoss 

Build Orders: 1 Gate Expand, Blink Stalkers, Zealot Archon, Dark Templar Rush 

Get SALT Encoding   

  12  0:00  Probe  
  13  0:12  Probe  
  14  0:17  Pylon  
  14  0:24  Probe  
  15  0:32  Probe  
  15  0:37  Gateway  
  15  0:40  Probe  
  16  0:46  Assimilator  
  17  0:51  Probe  
  18  1:03  Probe  
  19  1:15  Probe  
  20  1:23  Nexus  
  20  1:32  Cybernetics Core  
  20  1:35  Probe  
  21  1:43  Assimilator  
  21  1:48  Probe  
  21  1:52  Pylon  
  22  1:57  Probe  
  23  2:06  Probe  
  23  2:09  Warp Gate  
  23  2:10  Stalker  
  23  2:15  Probe  
  27  2:26  Probe  
  28  2:31  Probe  
  28  2:34  Probe  
  29  2:39  Probe  
  29  2:40  Stalker  
  29  2:42  Probe  
  33  2:46  Twilight Council  
  34  2:53  Shield Battery  
  34  2:55  Probe  
  34  2:56  Probe  
  36  3:07  Probe  
  36  3:08  Probe  
  36  3:10  Stalker  
  36  3:12  Pylon  
  41  3:20  Probe x2  
  41  3:22  Dark Shrine  
  41  3:30  Gateway  
  41  3:35  Probe x2  
  41  3:38  Gateway  
  43  3:44  Blink  
  43  3:48  Probe x2  
  43  3:49  Assimilator  
  43  3:51  Assimilator, Pylon  
  45  4:00  Probe  
  45  4:01  Probe  
  45  4:02  Pylon  
  47  4:13  Probe x2  
  47  4:15  Robotics Facility  
  49  4:25  Probe x2  
  51  4:34  Dark Templar  
  51  4:35  Dark Templar  
  51  4:37  Probe x2  
  57  4:44  Nexus  
  57  4:47  Dark Templar  
  57  4:50  Probe  
  57  4:51  Probe  
  61  4:56  Pylon  
  59  5:01  Pylon  
  59  5:05  Observer  
  60  5:18  Stalker x2  
  60  5:20  Stalker  
  66  5:22  Gateway  
  66  5:23  Gateway  
  66  5:24  Gateway  
  66  5:35  Forge x2  
  66  5:38  Pylon  
  66  5:42  Observer  
  67  5:47  Stalker x2  
  67  5:48  Stalker  
  71  6:00  Shield Battery  
  71  6:04  Dark Templar  
  71  6:05  Stalker x2  
  71  6:08  Archon  
  71  6:10  Probe x2  
  79  6:20  Stalker  
  79  6:21  Stalker x2  
  79  6:24  Probe x3  
  76  6:36  Stalker x2  
  76  6:38  Stalker  
  59  6:48  Stalker x3  
  59  6:52  Probe x3  
  53  7:00  Zealot x2  
Tags
 
Add a new tag
Caveats
  • Supply blocks, unpowered buildings, or Contaminate may cause inaccurate times.
  • Supply counts are checked every 10 seconds.